 Dungeon Crawl Stone Soup version 0.29.1-13-g9f3cf754e1 (webtiles) character file.

Game seed: 16219622154940533387

433 javelincjr the Magician (level 7, -1/45 HPs)
             Began as a Djinni Conjurer on Feb 8, 2023.
             Was a Believer of Uskayaw.
             Slain by Duvessa
             ... wielding a +0 rapier
              (8 damage)
             ... on level 5 of the Dungeon.
             The game lasted 00:11:50 (4311 turns).

javelincjr the Magician (Djinni Conjurer)           Turns: 4311, Time: 00:11:51

Health: -1/45      AC:  5    Str:  8    XL:     7   Next: 20%
Gold:   120        EV: 10    Int: 20    God:    Uskayaw [**....] SH:  7 Dex: 11

rFire   + + .      SeeInvis .   r - +2 dagger (venom)
rCold   x . .      Faith    .   j - +0 kite shield
rNeg    + . .      Spirit   .   e - +1 robe {rN+}
rPois   ∞          Reflect  .   s - +0 helmet
rElec   .          Harm     .   f - +0 cloak
rCorr   .          Rampage  .   (no gloves)
Will    .....                   (boots unavailable)
Stlth   ++........              (no amulet)
HPRegen 0.15/turn               c - ring of wizardry
MPRegen 0.00/turn               (no ring)

@: flying
A: sickness immunity, fire resistance 2, cold vulnerability 1, float, innate
caster, HP casting, extra vitality 1
a: Renounce Religion, Stomp, Line Pass


You were on level 5 of the Dungeon.
You worshipped Uskayaw.
Uskayaw was noncommittal.
You visited 1 branch of the dungeon, and saw 5 of its levels.

You collected 210 gold pieces.
You spent 90 gold pieces at shops.

Inventory:

Hand Weapons
 m - a +0 falchion
 r - a +2 dagger of venom (weapon)
Armour
 e - a +1 robe of positive energy (worn)
 f - a +0 cloak (worn)
 j - a +0 kite shield (worn)
 s - a +0 helmet (worn)
Jewellery
 c - a ring of wizardry (left hand)
 B - a +4 ring of protection
Wands
 x - a wand of polymorph (9)
Scrolls
 a - 3 scrolls of teleportation {unknown}
 g - 2 scrolls of identify {unknown}
 k - a scroll of silence {unknown}
 o - a scroll of magic mapping {unknown}
 u - a scroll of poison {unknown}
 v - a scroll of enchant armour {unknown}
 y - a scroll of enchant weapon {unknown}
 A - a scroll of amnesia {unknown}
 C - 2 scrolls of blinking
 D - a scroll of fear {unknown}
Potions
 b - a potion of cancellation {unknown}
 d - 3 potions of brilliance {unknown}
 h - 2 potions of attraction {unknown}
 i - a potion of heal wounds {unknown}
 l - a potion of lignification {unknown}
 n - 3 potions of might {unknown}
 p - 2 potions of berserk rage {unknown}
 q - a potion of degeneration {unknown}
 t - 2 potions of curing {unknown}
 w - a potion of haste {unknown}
 z - 2 potions of mutation {unknown}


   Skills:
 + Level 0.2 Fighting
 + Level 0.2 Short Blades
 + Level 2.8 Dodging
 + Level 2.3 Stealth
 + Level 1.9 Shields
 + Level 5.6 Spellcasting


You couldn't memorise any spells.
You knew the following spells:

 Your Spells              Type           Power      Damage    Failure   Level
a - Magic Dart            Conj           100%       1d8       1%          1
b - Searing Ray           Conj           56%        2d6       2%          2
c - Dazzling Flash        Conj/Hex       56%        N/A       4%          3
d - Fulminant Prism       Conj/Hex       14%        3d9       14%         4
e - Iskenderun's Mystic   Conj/Tloc      28%        2d7       14%         4
f - Apportation           Tloc           56%        N/A       1%          1
g - Static Discharge      Conj/Air       28%        3-7/arc   2%          2
h - Call Canine Familiar  Summ           28%        N/A       4%          3
Your spell library was empty.

Dungeon Overview and Level Annotations

Branches:
Dungeon (5/15)
 Temple: D:4-7

Altars:
Makhleb
Qazlal
Uskayaw
Yredelemnul
Zin
The Shining One

Shops:
D:5 *[([(

Annotations:
D:5 Duvessa


Innate Abilities, Weirdness & Mutations

You are immune to sickness and miasma.
You are immune to poison.
Your flesh is very heat resistant. (rF++)
You are vulnerable to cold. (rC-)
You float through the air rather than walking.
You learn spells naturally, not from books.
Your magical power is your life essence.
You have superior vitality. (+4 MHP)


Message History

Press: ? - help, Dir - move target You conjure a prism of explosive energy!
A fulminant prism comes into view.
Dowan hits your fulminant prism with a +0 dagger!
Your fulminant prism detonates feebly.
Unknown command.
Casting: Fulminant Prism (quite dangerous; 16% risk of failure)
Confirm with . or Enter, or press ? or * to list all spells.
The spell is quite dangerous to miscast (16% risk of failure)!
Continue anyway?
Aiming: Fulminant Prism (quite dangerous; 16% risk of failure)
Press: ? - help, Dir - move target You conjure a prism of explosive energy!
A fulminant prism comes into view.
Duvessa says, "Where magic fails, the sword succeeds!"
Your fulminant prism crackles loudly.
You can no longer pass through a line of other dancers.
The adder bites your fulminant prism.
Your fulminant prism explodes!
The blast of energy engulfs the adder!
You kill the adder!
The blast of energy engulfs Duvessa!
Duvessa is severely wounded.
Duvessa screams, "No!
How DARE you!"
Duvessa goes berserk!
You feel a bit more experienced.
You can now pass through a line of other dancers.
The magic dart hits Duvessa but does no damage.
Duvessa is severely wounded.
You hit Duvessa but do no damage.
Duvessa is poisoned.
Duvessa is severely wounded.
Duvessa closely misses you. Duvessa hits you with a +0 rapier!
You barely miss Duvessa.
Duvessa is severely wounded.
Duvessa hits you with a +0 rapier!
* * * LOW HITPOINT WARNING * * *
Duvessa closely misses you.
You are too injured to fight recklessly!
You hit Duvessa but do no damage.
Duvessa looks as sick as possible!
Duvessa is severely wounded.
Duvessa hits you with a +0 rapier!
You die...

#.# .......
#.###......#
#...........
#.##.#.....# #.##.#
...## #.##.# .##
##.##.# .# #..##.# #!#
#.<##@##..###.#
#######..##e.........
.........##..#.####.#
#######.###..#.# #.#
#.....
#######.###....S.
#.###........##........
......#..###########.##
#.......##♣♣♣♣♣♣♣♣♣ .#


You could see Duvessa (berserk, extremely poisoned).

Vanquished Creatures
  Dowan (D:5)
  A hound (D:4)
  2 jellies (D:4)
  An orc priest (D:4)
  Natasha (thrice) (D:4)
  An iguana (D:4)
  An orc wizard (D:4)
  5 adders
  An ufetubus (D:4)
  4 worms
  2 dart slugs
  4 orcs
  6 ball pythons
  4 bats
  6 endoplasms
  2 giant cockroaches
  4 goblins
  8 hobgoblins
  3 jackals
  8 kobolds
  3 quokkas
  5 frilled lizards
  7 rats
82 creatures vanquished.

Vanquished Creatures (others)
  3 fulminant prisms (D:5)
  A plant (D:2)
4 creatures vanquished.

Grand Total: 86 creatures vanquished

Notes
Turn   | Place    | Note
-------+----------+-------------------------------------------
     0 | D:1      | javelincjr the Djinni Conjurer began the quest for the Orb.
     0 | D:1      | javelincjr set off with the following spells memorised:
                  | Magic Dart, Searing Ray, Dazzling Flash, Fulminant Prism,
                  | Iskenderun's Mystic Blast.
     0 | D:1      | Reached XP level 1. HP: 15/15 MP: 0/0
   258 | D:1      | Reached XP level 2. HP: 20/21 MP: 0/0
  1097 | D:2      | Found a faded altar of an unknown god.
  1100 | D:2      | Prayed at the altar of an unknown god.
  1100 | D:2      | Became a worshipper of Uskayaw the Reveller
  1100 | D:2      | Reached * piety under Uskayaw
  1102 | D:2      | Reached XP level 3. HP: 24/25 MP: 0/0
  1102 | D:2      | Learned a level 1 spell: Apportation
  1107 | D:2      | Reached ** piety under Uskayaw
  1452 | D:2      | Reached skill level 4 in Spellcasting
  1498 | D:2      | Reached *** piety under Uskayaw
  1503 | D:2      | Reached **** piety under Uskayaw
  1505 | D:2      | Reached XP level 4. HP: 11/31 MP: 0/0
  2485 | D:3      | Reached XP level 5. HP: 27/35 MP: 0/0
  2485 | D:3      | Learned a level 2 spell: Static Discharge
  2826 | D:4      | Reached skill level 1 in Shields
  3378 | D:4      | Noticed Natasha
  3382 | D:4      | Killed Natasha
  3383 | D:4      | Reached XP level 6. HP: 26/40 MP: 0/0
  3529 | D:4      | Found a glowing golden altar of the Shining One.
  3529 | D:4      | Found a basalt altar of Yredelemnul.
  3529 | D:4      | Found a glowing silver altar of Zin.
  3536 | D:4      | Reached skill level 5 in Spellcasting
  3583 | D:4      | Found a stormy altar of Qazlal.
  3583 | D:4      | Found a burning altar of Makhleb.
  4069 | D:4      | Noticed Natasha
  4075 | D:4      | Killed Natasha
  4148 | D:4      | Noticed Natasha
  4150 | D:4      | Killed Natasha
  4151 | D:4      | Reached XP level 7. HP: 43/45 MP: 0/0
  4151 | D:4      | Learned a level 3 spell: Call Canine Familiar
  4216 | D:5      | Entered Level 5 of the Dungeon
  4234 | D:5      | Found Paisemah's General Store.
  4236 | D:5      | Found Fuan's Armour Boutique.
  4236 | D:5      | Found Dounurgh's Antique Weapon Shop.
  4236 | D:5      | Found Nilamobb's Antique Weapon Boutique.
  4236 | D:5      | Found Yschysu's Armour Shoppe.
  4241 | D:5      | Bought a scroll of blinking for 90 gold pieces
  4296 | D:5      | Noticed Duvessa
  4296 | D:5      | Noticed Dowan
  4307 | D:5      | Killed Dowan
  4311 | D:5      | Slain by Duvessa

Illustrated notes

Levels and vault maps discovered:
D:1:      roderic_chinese_lattice_arrival, layout_loops_ring
D:2:      layout_rooms, nicolae_ecumenical_pavilion, serial_bayou_pond_c
D:3:      layout_rooms, minmay_pentomino_pile
D:4:      layout_basic, minmay_overflow_temple_hex, dreamdust_mushroom_princess,
          uniq_natasha
D:5:      layout_loops_ring, nicolae_wooded_promenade, minmay_tree_intersection,
          uniq_duvessa, uniq_blork_the_orc

Skill      XL: |  1  2  3  4  5  6 |
---------------+-------------------+-----
Spellcasting   | 4 5 |  5.6
Shields        | 1 |  1.9
Stealth        | 2 |  2.3
Fighting       | |  0.2
Short Blades   | |  0.2
Dodging        | |  2.8

Action                   |  1- 3 |  4- 6 |  7- 9 || total
-------------------------+-------+-------+-------++-------
Melee: Unarmed           |     2 |       |       ||     2
       Dagger            |       |     9 |     3 ||    12
 Cast: Magic Dart        |    58 |   136 |     1 ||   195
       Searing Ray       |     1 |     1 |       ||     2
       Fulminant Prism   |       |       |     3 ||     3
Armor: Robe              |     4 |     7 |       ||    11
Dodge: Dodged            |    12 |    15 |     2 ||    29
Block: Kite shield       |     4 |    12 |       ||    16
